 Dungeon Crawl Stone Soup version 0.31.0-4-g52a2dc7128 (webtiles) character file.

Game seed: 8945426935679905056

11379 dorian the Skirmisher (level 11, -10/95 HPs)
             Began as a Demigod Hunter on Jan 22, 2024.
             Mangled by Fannar
             ... wielding a staff of cold
              (13 damage)
             ... on level 10 of the Dungeon.
             The game lasted 00:20:56 (9336 turns).

dorian the Skirmisher (Demigod Hunter)              Turns: 9336, Time: 00:20:56

Health: -10/95     AC:  4    Str: 12    XL:     11   Next: 24%
Magic:  14/14      EV: 25    Int: 13    God:
Gold:   527        SH:  0    Dex: 29    Spells: 10/10 levels left

rFire   . . .        A - +0 arbalest
rCold   . . .        (shield currently unavailable)
rNeg    . . .        e - +0 leather armour of the Skies Above {rPois Will+ Int+2 Stlth-}
rPois   +            (no helmet)
rElec   .            y - +0 cloak
rCorr   .            (no gloves)
SInv    +            (no boots)
Will    ++...        (no amulet)
Stlth   +            h - +5 ring of evasion
HPRegen 0.35/turn    w - ring of see invisible
MPRegen 0.14/turn

%: no passive effects
@: no status effects
A: high MP 1, forlorn, divine attributes
a: no special abilities


You were on level 10 of the Dungeon.
You visited 1 branch of the dungeon, and saw 10 of its levels.
You also visited: Ossuary.

You collected 527 gold pieces.

Inventory:

Hand Weapons
 a - a +1 shortbow of freezing
 f - a +1 mace of protection
 i - a +2 whip of freezing
 A - a +0 arbalest (weapon)
Missiles
 D - a throwing net
Armour
 c - a +1 leather armour
 e - the +0 leather armour of the Skies Above (worn) {rPois Will+ Int+2 Stlth-}
   (You found it on level 4 of the Dungeon)

   Int+2:     It affects your intelligence (+2).
   rPois:     It protects you from poison Will+: It increases your willpower.
   Stlth-:    It makes you less stealthy.
 m - the +0 robe of Instinct {Fly Dex+3}
   (You found it on level 4 of the Dungeon)

   Dex+3:     It affects your dexterity (+3).
   Fly:       It grants you flight.
 y - a +0 cloak (worn)
Jewellery
 h - a +5 ring of evasion (left hand)
 n - a +5 ring of evasion
 w - a ring of see invisible (right hand)
Wands
 g - a wand of charming (15)
 x - a wand of quicksilver (9)
 F - a wand of roots (11)
Scrolls
 b - 2 scrolls of butterflies
 k - 2 scrolls of enchant armour
 o - a scroll of poison
 t - 6 scrolls of teleportation
 v - a scroll of fog
 z - a scroll of blinking
 E - a scroll of enchant weapon
Potions
 d - a potion of might
 j - 2 potions of brilliance
 l - a potion of berserk rage
 p - a potion of attraction
 q - 5 potions of curing
 s - 2 potions of lignification
 u - a potion of invisibility {unknown}
 B - 2 potions of cancellation
 C - 2 potions of heal wounds {unknown}
 G - 2 potions of haste {unknown}


   Skills:
 + Level 8.6 Fighting
 * Level 12.5 Ranged Weapons
 + Level 8.7 Dodging
 - Level 0.8 Stealth


You had 10 spell levels left.
You didn't know any spells.
Your spell library contained the following spells:

 Spells                   Type           Power      Damage    Failure   Level
 Apportation              Tloc           0%         N/A       36%         1
 Freeze                   Ice            0%         1d3       36%         1
 Necrotise                Necr           0%         1d4       36%         1
 Slow                     Hex            0%         N/A       36%         1
 Sting                    Conj/Alch      0%         1d3       36%         1
 Summon Small Mammal      Summ           0%         N/A       36%         1
 Lesser Beckoning         Tloc           0%         N/A       52%         2
 Mercury Vapours          Alch/Air       0%         N/A       52%         2
 Confusing Touch          Hex            0%         N/A       75%         3
 Frozen Ramparts          Ice            0%         1d1       75%         3
 Gell's Gravitas          Tloc           0%         N/A       75%         3
 Hailstorm                Conj/Ice       0%         3d5       75%         3
 Mephitic Cloud           Conj/Alch/Air  0%         N/A       75%         3
 Sigil of Binding         Hex            0%         N/A       75%         3
 Teleport Other           Tloc           0%         N/A       75%         3
 Tukima's Dance           Hex            0%         N/A       75%         3
 Vampiric Draining        Necr           0%         2d6       75%         3
 Animate Dead             Necr           0%         N/A       98%         4
 Passage of Golubria      Tloc           0%         N/A       98%         4
 Borgnjor's Vile Clutch   Necr/Erth      0%         N/A       100%        5
 Freezing Cloud           Conj/Ice/Air   0%         6-21      100%        5
 Yara's Violent Unravell  Hex/Alch       0%         3d3       100%        5
 Death Channel            Necr           0%         N/A       100%        6
 Sculpt Simulacrum        Ice/Alch       0%         N/A       100%        6
 Ozocubu's Refrigeration  Ice            0%         4d7       100%        7
 Polar Vortex             Ice            0%         N/A       100%        9


Dungeon Overview and Level Annotations

Branches:
Dungeon (10/15) Zot: 26265  Temple (0/1) D:5         Ossuary (visited)
   Lair: D:8-11         Orc: D:9-12

Annotations:
D:4 2 runed translucent doors, Pascal76's ghost, amateur MiGl
D:10 Fannar; Snorg


Innate Abilities, Weirdness & Mutations

You have an increased reservoir of magic. (+10% MP)
You shall have no god before yourself.
Your divine heritage dramatically boosts your attributes as you level up.


Message History

You are too injured to fight recklessly!
You are too injured to fight recklessly!
Fire: A) +0 arbalest
Press: ? - help, Q - select action, (/) - cycle Shift-Dir - straight line, f/p - Fannar
Aim: Fannar, wielding a staff of cold and wearing a +1 robe of cold resistance (58% to hit)
You shoot a bolt.
The bolt hits Fannar but does no damage.
Fannar completely misses you.
Fire: A) +0 arbalest
Press: ? - help, Q - select action, (/) - cycle Shift-Dir - straight line, f/p - Fannar
Aim: Fannar, wielding a staff of cold and wearing a +1 robe of cold resistance (58% to hit)
You shoot a bolt. The bolt closely misses Fannar.
Fannar hits you with a staff of cold. Fannar freezes you.
Fire: A) +0 arbalest
Press: ? - help, Q - select action, (/) - cycle Shift-Dir - straight line, f/p - Fannar
Aim: Fannar, wielding a staff of cold and wearing a +1 robe of cold resistance (58% to hit)
You shoot a bolt. The bolt hits Fannar!
Fannar is moderately wounded.
Fannar mumbles some strange words.
Fannar drains the heat from the surrounding environment!
Fannar casts a spell.
Fannar drains the heat from the surrounding environment!
Unknown command.
Fire: A) +0 arbalest
Press: ? - help, Q - select action, (/) - cycle Shift-Dir - straight line, f/p - Fannar
Aim: Fannar, wielding a staff of cold and wearing a +1 robe of cold resistance (moderately wounded, 58% to hit)
You shoot a bolt. The bolt closely misses Fannar.
Fannar hits you with a staff of cold.
* * * LOW HITPOINT WARNING * * *
Fannar freezes you!
* * * LOW HITPOINT WARNING * * *
Unknown command.
Fire: A) +0 arbalest
Press: ? - help, Q - select action, (/) - cycle Shift-Dir - straight line, f/p - Fannar
Aim: Fannar, wielding a staff of cold and wearing a +1 robe of cold resistance (lightly wounded, 58% to hit)
You shoot a bolt. The bolt closely misses Fannar.
Fannar hits you with a staff of cold!
* * * LOW HITPOINT WARNING * * *
Fannar freezes you!
You die...

.#...###########..)......###.####
.####....# #.#...##............
.# .....#..#.#.................
r# ##.#.#[.#.##).....#######.#.
.# #.#.#..#.##..##.## ##.... .#
#.#.#..#.##..##.######..... .#
#.#.#..#...)...[..........<
.######.#..).####).##..#####..#..
........##....÷e@...[....# #.###.
.......................#.####.#..
....######.######..#####.........
.....# ### #..# ######.#..
......# #..# #.#.# .......# #..#
#.#.# ....)..# ##.# #.#.#
.......# .# #####.#.. ........ ..
..>.....#


You could see Fannar.

Vanquished Creatures
  2 two-headed ogres
  Maurice (D:8)
  Maggie (D:8)
  A komodo dragon (D:10)
  Jeremiah (D:7)
  Psyche (D:8)
  Prince Ribbit (D:7)
  Grinder (D:4)
  A wraith (D:9)
  15 yaks
  2 steam dragons (D:6)
  Menkaure (D:7)
  An acid dragon (D:9)
  3 water moccasins
  5 orc warriors
  An ice beast (D:6)
  4 black bears
  A sky beast (D:5)
  A tengu (D:8)
  5 centaurs
  3 ogres
  A kobold brigand (D:10)
  5 elf zombies (Ossuary)
  4 bullfrogs
  A gnoll sergeant (D:10)
  3 scorpions (D:6)
  9 wights
  14 killer bees
  A spectral bullfrog (Ossuary)
  4 howler monkeys
  2 human zombies (Ossuary)
  9 orc priests
  A bombardier beetle (D:7)
  4 hounds
  2 gnoll boudas
  A jelly (D:7)
  3 sleepcaps
  5 iguanas
  8 orc wizards
  Ijyb (D:4)
  2 crocodile zombies (Ossuary)
  A bullfrog simulacrum (Ossuary)
  2 spectral hounds (Ossuary)
  3 mummies
  6 adders
  11 gnolls
  A river rat (D:10)
  A hound simulacrum (Ossuary)
  2 white imps
  2 spectral adders (Ossuary)
  6 spectral gnolls (Ossuary)
  2 ribbon worms
  A dart slug (D:3)
  3 adder simulacra (Ossuary)
  41 orcs
  7 endoplasms
  2 giant cockroaches
  4 gnoll zombies (Ossuary)
  7 goblins
  7 hobgoblins
  5 quokkas
  5 ball pythons
  5 bats
  4 frilled lizards
  3 gnoll simulacra (Ossuary)
  2 jackal simulacra (Ossuary)
  9 kobolds
  6 kobold zombies (Ossuary)
  6 orc zombies (Ossuary)
  5 rats
291 creatures vanquished.

Notes
Turn   | Place    | Note
-------+----------+-------------------------------------------
     0 | D:1      | dorian the Demigod Hunter began the quest for the Orb.
     0 | D:1      | Reached XP level 1. HP: 17/17 MP: 3/3
   244 | D:1      | Reached XP level 2. HP: 24/24 MP: 4/4
   659 | D:2      | Reached skill level 4 in Ranged Weapons
   909 | D:2      | Reached XP level 3. HP: 29/29 MP: 5/5
  1245 | D:2      | Reached XP level 4. HP: 37/37 MP: 6/6
  1495 | D:3      | Reached skill level 5 in Ranged Weapons
  1495 | D:3      | Reached XP level 5. HP: 26/44 MP: 7/7
  1934 | D:4      | Noticed a black bear
  1993 | D:4      | Noticed a black bear
  1998 | D:4      | Killed a black bear
  1999 | D:4      | Reached XP level 6. HP: 16/51 MP: 8/8
  2190 | D:4      | Found a large runed translucent door.
  2193 | D:4      | Found a large runed translucent door.
  2206 | D:4      | Identified the +0 leather armour of the Skies Above {rPois
                  | Will+ Int+2 Stlth-}
  2265 | D:4      | Noticed Grinder
  2286 | D:4      | Noticed Ijyb
  2295 | D:4      | Killed Ijyb
  2299 | D:4      | Paralysed by Grinder for 3 turns
  2303 | D:4      | Killed Grinder
  2304 | D:4      | Reached skill level 6 in Ranged Weapons
  2304 | D:4      | Reached XP level 7. HP: 46/58 MP: 9/9
  2745 | D:4      | Identified the +0 robe of Instinct {Fly Dex+3}
  2866 | D:4      | Noticed Pascal76's ghost (amateur MiGl)
  2993 | D:5      | Entered Level 5 of the Dungeon
  3005 | D:5      | Found a staircase to the Ecumenical Temple.
  3042 | D:5      | Reached skill level 7 in Ranged Weapons
  3183 | D:5      | Found a sand-covered staircase.
  3202 | Ossuary  | Entered an ossuary
  3360 | Ossuary  | Reached XP level 8. HP: 58/67 MP: 10/10
  3447 | Ossuary  | Reached skill level 5 in Fighting
  3447 | Ossuary  | Reached skill level 5 in Dodging
  3575 | Ossuary  | Reached skill level 8 in Ranged Weapons
  4329 | D:5      | Noticed a two-headed ogre
  4339 | D:5      | Killed a two-headed ogre
  4340 | D:5      | Reached XP level 9. HP: 75/75 MP: 11/11
  4344 | D:5      | Reached skill level 9 in Ranged Weapons
  4441 | D:6      | HP: 1/112 [steam dragon/ball of steam (13)]
  5224 | D:7      | Noticed Prince Ribbit
  5257 | D:7      | Killed Prince Ribbit
  5258 | D:7      | Reached skill level 10 in Ranged Weapons
  5370 | D:7      | Noticed Jeremiah
  5390 | D:7      | Killed Jeremiah
  5808 | D:7      | Reached XP level 10. HP: 73/86 MP: 13/13
  6034 | D:7      | Noticed Menkaure
  6040 | D:7      | Killed Menkaure
  6360 | D:8      | Noticed Psyche
  6400 | D:8      | Noticed Maurice
  6471 | D:8      | Noticed Maggie
  6499 | D:8      | Killed Maggie
  6792 | D:8      | Reached skill level 11 in Ranged Weapons
  6812 | D:8      | Killed Psyche
  7384 | D:8      | Maurice stole a +2 whip of freezing
  7389 | D:8      | Killed Maurice
  7966 | D:9      | Reached skill level 12 in Ranged Weapons
  8096 | D:9      | Noticed a two-headed ogre
  8121 | D:8      | Killed a two-headed ogre
  8122 | D:8      | Reached XP level 11. HP: 95/95 MP: 14/14
  8591 | D:10     | Entered Level 10 of the Dungeon
  8730 | D:10     | Noticed Fannar
  9048 | D:10     | Noticed a death yak
  9141 | D:10     | Noticed Snorg
  9336 | D:10     | HP: 3/95 [Fannar/staff of cold (10)]
  9336 | D:10     | Mangled by Fannar

Illustrated notes

Levels and vault maps discovered:
D:1:      psy_arrival_basics, layout_loops_ring
D:2:      cheibrodos_pilgrimage, layout_loops_ring, chequers_mini_garden
D:3:      layout_rooms, zin_scriptorium, mainiacjoe_overflow_tiny_flanked,
          trog_three_pillars_becter, kiku_gazebo_garden_becter
D:4:      kennysheep_big_flooded_room, layout_basic,
          ebering_ghost_disaster_area, minmay_misc_feat_rugged,
          guppyfry_early_lair_pool, uniq_grinder, uniq_ijyb
D:5:      layout_loops_cross, minmay_temple_entry_ruins,
          gup_ossuary_entry_pyramid, nrook_loot_triangle
D:6:      cheibrodos_steamvent, layout_rooms
D:7:      layout_basic, amcnicky_altar_gilded, uniq_menkaure, uniq_jeremiah,
          uniq_prince_ribbit1
D:8:      layout_rooms, mainiacjoe_overflow_six_doors_small, minivault_21,
          uniq_maurice, uniq_maggie, uniq_psyche
D:9:      layout_basic
D:10:     layout_loops_ring, slow_altar_2, dpeg_lair_monsters, uniq_fannar,
          uniq_snorg

Skill      XL: |  1  2  3  4  5  6  7  8  9 10 |
---------------+-------------------------------+-----
Dodging        | 2 3 4 5 7 8 |  8.7
Fighting       | 2 3 4 5 7 8 |  8.6
Ranged Weapons | 4 5 6 7 8 10 12 | 12.5
Stealth        | |  0.8

Action                     |  1- 3 |  4- 6 |  7- 9 | 10-12 || total
---------------------------+-------+-------+-------+-------++-------
  Melee: Shortbow          |       |     1 |       |       ||     1
   Fire: Shortbow          |    87 |   131 |   547 |   471 ||  1236
         Arbalest          |       |       |       |     8 ||     8
  Evoke: Wand              |       |       |       |     3 ||     3
    Use: Scroll            |     2 |     5 |     6 |     9 ||    22
         Potion            |       |       |     3 |       ||     3
 Armour: Leather armour    |    14 |    26 |    87 |    70 ||   197
         Skin              |       |       |    21 |       ||    21
  Dodge: Dodged            |    28 |    51 |   343 |   235 ||   657
